 Dungeon Crawl Stone Soup version 0.20-a0-1016-g241539b (webtiles) character file.

17885 Rrauwl the Basher (level 12, -5/77 HPs)
             Began as a Gargoyle Earth Elementalist on Apr 16, 2017.
             Was a Priest of the Shining One.
             Slain by a spriggan rider
             ... wielding a +0 spear
              (8 damage)
             ... on level 4 of the Lair of Beasts.
             The game lasted 01:23:32 (12983 turns).

Rrauwl the Basher (Gargoyle Earth Elementalist)    Turns: 12983, Time: 01:23:33

Health: -5/77      AC: 20    Str: 14    XL:     12   Next: 52%
Magic:  5/14       EV: 12    Int: 19    God:    the Shining One [***...]
Gold:   738        SH:  0    Dex: 10    Spells: 11/17 levels left

rFire    . . .     SeeInvis .   a - +0 dire flail
rCold    + . .     Gourm    .   (shield currently unavailable)
rNeg     + + .     Faith    .   i - +2 leather armour {MR+}
rPois    ∞         Spirit   .   w - +1 hat
rElec    +         Reflect  .   K - +2 cloak
rCorr    .         Harm     .   g - +1 pair of gloves
MR       ++...                  (no boots)
Stlth    +.........             u - amulet of magic regeneration
Regen    0.3/turn               z - ring of protection from cold (curse)
MPRegen  0.3/turn               F - ring of protection from magic

@: glowing
A: horns 1, low mp 1, negative energy resistance 1, sense surroundings 1,
electricity resistance, unbreathing, petrification resistance, rot immunity, AC
+8
a: Divine Shield, Renounce Religion


You were on level 4 of the Lair of Beasts.
You worshipped the Shining One.
The Shining One was most pleased with you.
You were not hungry.

You visited 3 branches of the dungeon, and saw 14 of its levels.
You also visited: Labyrinth and Sewer.

You collected 738 gold pieces.

Inventory:

Hand Weapons
 a - a +0 dire flail (weapon)
 b - a +0 hunting sling of flaming
Missiles
 n - 6 tomahawks of dispersal
 o - 173 stones (quivered)
 r - 16 sling bullets
Armour
 g - a +1 pair of gloves (worn)
 i - a +2 leather armour of magic resistance (worn)
 w - a +1 hat (worn)
 H - a +1 helmet
 K - a +2 cloak (worn)
Jewellery
 u - an amulet of magic regeneration (around neck)
 z - a cursed ring of protection from cold (left hand)
 F - a ring of protection from magic (right hand)
Wands
 e - a wand of iceblast (11/15)
 h - a wand of acid (11/15)
 p - a wand of digging (14/24)
 q - a wand of confusion (27/48)
 v - a wand of enslavement (9/24)
 A - a wand of clouds (4/9)
 D - a wand of confusion (12/48)
 I - a wand of polymorph (24/24)
 J - a wand of iceblast (0/15)
 M - a wand of lightning (9/15)
Scrolls
 c - 2 scrolls of magic mapping
 f - 2 scrolls of blinking
 k - 3 scrolls of recharging
 m - 11 scrolls of teleportation
 y - 6 scrolls of remove curse
 B - a scroll of fear
 E - a scroll of identify
Potions
 l - a potion of might
 t - 2 potions of curing
Miscellaneous
 j - a fan of gales
Comestibles
 d - 6 bread rations
 s - a royal jelly
 C - 5 fruits
 G - 5 chunks of flesh


   Skills:
 - Level 10.0 Fighting
 + Level 14.4 Maces & Flails
 - Level 5.0 Armour
 - Level 3.1 Dodging
 - Level 2.1 Stealth
 - Level 3.0 Spellcasting
 - Level 4.0 Conjurations
 - Level 2.0 Transmutations
 - Level 4.0 Earth Magic
 - Level 4.0 Invocations
 - Level 4.0 Evocations


You had 11 spell levels left.
You knew the following spells:

 Your Spells              Type           Power        Failure   Level  Hunger
a - Sandblast             Erth           ###...       4%          1    None
b - Stone Arrow           Conj/Erth      ###...       12%         3    ###....
c - Passwall              Tmut/Erth      ##........   10%         2    ##.....


Dungeon Overview and Level Annotations

Branches:
Dungeon (9/15)             Temple (1/1) D:7            Lair (4/6) D:9
  Swamp (0/4) Lair:2       Spider (0/4) Lair:2
    Orc: D:9-12

Altars:
Ashenzari
Cheibriados
Dithmenos
Elyvilon
Fedhas
Gozag
Hepliaklqana
Kikubaaqudgha
Makhleb
Nemelex Xobeh
Okawaru
Qazlal
Ru
Sif Muna
Trog
Uskayaw
Vehumet
Wu Jian
Xom
Yredelemnul
Zin
The Shining One


Innate Abilities, Weirdness & Mutations

You are resistant to torment.
Your stone body is resilient. (AC +8)
You are immune to poison.
You resist negative energy. (rN+)
You are resistant to electric shocks. (rElec)
You can survive without breathing.
You are immune to petrification.
You are immune to rotting.
You have a pair of small horns on your head.
Your magical capacity is low. (-10% MP)
You passively map a small area around you.


Message History

Casting: Stone Arrow
Confirm with . or Enter, or press ? or * to list all spells.
Aiming: Stone Arrow
Press: ? - help, Shift-Dir - straight line, f/p - spriggan rider
Aim: a spriggan rider, wielding a spear and wearing a buckler (heavily wounded, haloed)
The spriggan rider blocks the stone arrow.
The spriggan rider hits you with a spear!
* * * LOW HITPOINT WARNING * * *
Casting: Stone Arrow
Confirm with . or Enter, or press ? or * to list all spells.
Aiming: Stone Arrow
Press: ? - help, Shift-Dir - straight line, f/p - spriggan rider
Aim: a spriggan rider, wielding a spear and wearing a buckler (heavily wounded, haloed)
The spriggan rider blocks the stone arrow.
The spriggan rider hits you with a spear.
* * * LOW HITPOINT WARNING * * *
As you read the scroll of fear, it crumbles to dust.
You assume a fearsome visage.
The spriggan rider easily resists.
The spriggan rider hits you with a spear!
You die...

* ♣....♣♣ *
* ♣♣♣♣..♣♣
, , ♣♣..♣ *
** ♣♣♣..♣♣
* ♣♣♣♣....♣
♣♣♣.....♣♣♣
*
♣♣....♣♣♣♣
♣♣♣♣...♣♣♣
♣.@).♣♣♣
♣....i♣♣♣♣
* ♣♣♣♣.. *
♣:. * , ...
,, *♣..♣ ,
* ..♣ **
♣♣♣ ** **


You could see a spriggan rider.

Vanquished Creatures
  Gastronok (Lair:2)
  A minotaur (Lab)
  A hydra (Lair:3)
  Erica (D:8)
  A two-headed ogre (D:9)
  Pikel (D:8)
  Joseph (D:8)
  A gargoyle (Lab)
  6 spiny frogs
  2 rime drakes
  2 komodo dragons
  A polar bear (Lair:4)
  A hornet (Lair:4)
  5 blink frogs (Lair:2)
  2 hippogriffs
  A minotaur skeleton (Lab)
  11 spriggans
  A wyvern (Lair:4)
  4 yaks (D:9)
  2 hungry ghosts
  Menkaure (D:4)
  4 water moccasins
  8 porcupines
  2 slaves (D:8)
  Purgy (Sewer)
  2 ice beasts
  A sky beast (D:5)
  A black bear (D:9)
  A centaur (D:9)
  2 ogres
  9 crocodiles
  The ghost of emsyzz the Firebug, an amateur DEFE (D:3)
  8 bullfrogs
  3 scorpions
  10 killer bees
  4 wights (D:7)
  6 howler monkeys (D:9)
  An electric eel (Lair:3)
  A crimson imp (D:5)
  4 lava snakes (Lab)
  2 jellies (D:7)
  A centaur skeleton (D:6)
  A hound (D:3)
  An orc wizard (D:5)
  A gnoll shaman (D:5)
  A bullfrog skeleton (D:5)
  2 iguanas (D:7)
  5 hell rats (Lair:3)
  2 worker ants
  2 worker ant zombies
  4 gnolls (D:5)
  8 adders
  A howler monkey skeleton (D:7)
  2 shadow imps
  An ooze (D:4)
  2 adder zombies
  An adder skeleton (D:5)
  A worm (D:3)
  3 dart slugs
  4 leopard geckos
  14 orcs
  3 ball pythons
  6 giant cockroaches
  4 goblins
  9 hobgoblins
  30 jackals
  6 quokkas
  8 bats
  6 frilled lizards
  A jackal zombie (D:5)
  4 kobolds
  11 rats
  3 fungi (D:9)
  5 plants (Lair:2)
271 creatures vanquished.

Vanquished Creatures (others)
  10 fungi
  3 plants
13 creatures vanquished.

Grand Total: 284 creatures vanquished

Notes
Turn   | Place    | Note
-------+----------+-------------------------------------------
     0 | D:1      | Rrauwl the Gargoyle Earth Elementalist began the quest for the Orb.
     0 | D:1      | Reached XP level 1. HP: 10/10 MP: 3/3
   151 | D:1      | Reached XP level 2. HP: 16/16 MP: 1/5
   269 | D:1      | Reached skill level 1 in Fighting
   458 | D:1      | Reached XP level 3. HP: 20/20 MP: 6/6
  1474 | D:2      | Reached XP level 4. HP: 28/28 MP: 5/7
  1479 | D:2      | Learned a level 3 spell: Stone Arrow
  1654 | D:2      | Found a glowing golden altar of the Shining One.
  1697 | D:2      | Became a worshipper of the Shining One
  1907 | D:3      | Found a burning altar of Makhleb.
  1962 | D:3      | Reached skill level 1 in Maces & Flails
  1962 | D:3      | Reached XP level 5. HP: 32/33 MP: 0/8
  1986 | D:3      | Noticed emsyzz's ghost (amateur DEFE)
  1994 | D:3      | Killed emsyzz's ghost
  1994 | D:3      | Reached skill level 1 in Conjurations
  2331 | D:4      | Reached XP level 6. HP: 32/39 MP: 0/9
  2617 | D:4      | Found a stormy altar of Qazlal.
  2632 | D:4      | Reached skill level 2 in Maces & Flails
  2726 | D:4      | Noticed Menkaure
  2738 | D:4      | Killed Menkaure
  2738 | D:4      | Reached skill level 5 in Fighting
  2881 | D:4      | Identified the Tome of Dusty Shape Shifting
  3034 | D:5      | Entered Level 5 of the Dungeon
  3162 | D:5      | Reached XP level 7. HP: 44/44 MP: 10/10
  3179 | D:5      | Found a glowing drain.
  3221 | Sewer    | Entered a sewer
  3277 | Sewer    | Noticed Purgy
  3316 | Sewer    | Killed Purgy
  3316 | Sewer    | Reached skill level 3 in Maces & Flails
  3582 | D:5      | Reached * piety under the Shining One
  3760 | D:5      | Reached skill level 4 in Maces & Flails
  4095 | D:6      | Reached XP level 8. HP: 40/51 MP: 11/11
  4137 | D:6      | Reached skill level 1 in Armour
  4137 | D:6      | Reached skill level 1 in Invocations
  5196 | D:7      | Reached ** piety under the Shining One
  5196 | D:7      | Reached skill level 5 in Maces & Flails
  5698 | D:7      | Reached skill level 1 in Evocations
  6204 | D:7      | Found a staircase to the Ecumenical Temple.
  6213 | Temple   | Entered the Ecumenical Temple
  6489 | D:8      | Noticed Joseph
  6513 | D:8      | Killed Joseph
  6513 | D:8      | Reached skill level 6 in Maces & Flails
  6513 | D:8      | Reached XP level 9. HP: 41/55 MP: 9/12
  6830 | D:8      | Noticed Psyche
  6833 | D:8      | Noticed Psyche
  6833 | D:8      | Psyche changed into Psyche the ogre
  6836 | D:8      | Killed Psyche the ogre
  6836 | D:8      | Reached skill level 7 in Maces & Flails
  6852 | D:8      | Found a blossoming altar of Fedhas.
  6918 | D:8      | Noticed Erica
  6940 | D:8      | Killed Erica
  6940 | D:8      | Reached skill level 8 in Maces & Flails
  7001 | D:8      | Reached skill level 9 in Maces & Flails
  7183 | D:8      | Noticed Pikel
  7202 | D:8      | Killed Pikel
  7202 | D:8      | Reached skill level 10 in Maces & Flails
  7202 | D:8      | Reached XP level 10. HP: 59/60 MP: 2/13
  7601 | D:9      | Reached skill level 11 in Maces & Flails
  7656 | D:9      | Found a staircase to the Lair.
  7764 | D:9      | Noticed a two-headed ogre
  7772 | D:9      | Killed a two-headed ogre
  8499 | Lair:1   | Entered Level 1 of the Lair of Beasts
  8522 | Lair:1   | Learned a level 2 spell: Passwall
  8533 | Lair:1   | Noticed a spiny frog
  8552 | Lair:1   | Killed a spiny frog
  8567 | Lair:1   | Found a labyrinth entrance.
  8578 | Lab      | Entered a labyrinth
  8661 | Lab      | Reached XP level 11. HP: 47/68 MP: 14/14
  8688 | Lab      | Reached skill level 12 in Maces & Flails
  9272 | Lab      | Noticed a minotaur
  9284 | Lab      | Killed a minotaur
  9290 | Lab      | Identified the Incunabulum of Earthen Fire
  9928 | Lair:2   | Noticed Gastronok
  9984 | Lair:2   | Killed Gastronok
  9984 | Lair:2   | Reached skill level 1 in Transmutations
 10543 | Lair:2   | Reached skill level 10 in Fighting
 10565 | Lair:2   | Found a staircase to the Swamp.
 10593 | Lair:2   | Found a hole to the Spider Nest.
 10646 | Lair:2   | Gained mutation: You have a pair of small horns on your head. [potion of mutation]
 10646 | Lair:2   | Gained mutation: Your magical capacity is low. (-10% MP) [potion of mutation]
 10646 | Lair:2   | Gained mutation: You passively map a small area around you. [potion of mutation]
 11196 | Lair:2   | Reached XP level 12. HP: 77/77 MP: 14/14
 11201 | Lair:2   | Reached *** piety under the Shining One
 11205 | Lair:2   | Reached skill level 13 in Maces & Flails
 11517 | Lair:2   | Reached skill level 5 in Armour
 11644 | Lair:3   | Noticed a seven-headed hydra
 11648 | Lair:3   | Killed a seven-headed hydra
 12878 | Lair:4   | Reached skill level 14 in Maces & Flails
 12882 | Lair:4   | Noticed a spriggan rider
 12969 | Lair:4   | Noticed a spriggan rider
 12982 | Lair:4   | HP: 3/77 [spriggan rider/spear (5)]
 12983 | Lair:4   | Slain by a spriggan rider

Vault maps used:
D:1:      dpeg_arrival_signposts
D:2:      nicolae_tso_swordbearing_angel
D:3:      bloody_makhleb
D:4:      nicolae_qazlal_general_emergency, first_bread, uniq_menkaure
D:5:      portal_sewer_entry_a
D:6:      kennysheep_nondescript
D:7:      temple_hall, nicolae_water_bricks, minivault_19
D:8:      the_bakery, fedhas_altar_3, uniq_psyche, uniq_pikel, uniq_erica,
          uniq_joseph
D:9:      due_lair_maze_entry_diamond, grunt_ministairs_9
Temple:   kilobyte_greek_temple
Lair:1:   lab_entry_generic
Lair:2:   swamp_mist, spider_nest_entry_web_field, wad_woods_03,
          serial_bayou_shore_b, uniq_gastronok
Lair:3:   grunt_megastairs_5, lemuel_fruit_tree, infiniplex_staircase_pool
Lair:4:   kb_forest_paths, patterned_corridor
Lab:      lab_statue, nicolae_lab_flowing_pool, labyrinth_lava_lair,
          nicolae_lab_grate_2
Sewer:    sewer_co_purgy_island

Skill      XL: |  1  2  3  4  5  6  7  8  9 10 11 12 |
---------------+-------------------------------------+-----
Fighting       | 1 3 4 5 6 8 10 | 10.0
Earth Magic    | 4 |  4.0
Dodging        | 2 3 |  3.1
Maces & Flails | 1 2 4 6 10 11 12 14 | 14.4
Conjurations   | 2 3 4 |  4.0
Armour         | 3 4 5 |  5.0
Invocations    | 3 4 |  4.0
Evocations     | 3 4 |  4.0
Transmutations | 2 |  2.0
Spellcasting   | 3 |  3.0
Stealth        | |  2.1

Action                   |  1- 3 |  4- 6 |  7- 9 | 10-12 || total
-------------------------+-------+-------+-------+-------++-------
Melee: Unarmed           |    43 |    64 |       |       ||   107
       Whip              |       |    91 |    51 |       ||   142
       Dire flail        |       |       |    64 |   586 ||   650
       Headbutt          |       |       |       |    29 ||    29
 Fire: Hunting sling     |       |    20 |   268 |    65 ||   353
Throw: Stone             |     2 |       |       |       ||     2
 Cast: Sandblast         |    48 |    46 |    75 |     4 ||   173
       Stone Arrow       |       |     1 |     9 |    13 ||    23
Invok: Divine Shield     |       |       |       |     3 ||     3
Evoke: Wand              |       |       |     1 |    10 ||    11
  Use: Potion            |     3 |     5 |     7 |     8 ||    23
       Scroll            |     1 |    11 |     6 |     7 ||    25
 Stab: Distracted        |       |     1 |       |       ||     1
  Eat: Chunk             |     3 |     6 |     8 |    10 ||    27
       Fruit             |       |     1 |     2 |     2 ||     5
       Meat ration       |       |       |     2 |       ||     2
       Bread ration      |       |       |       |     2 ||     2
Armor: Robe              |     8 |       |       |       ||     8
       Skin              |    17 |       |       |       ||    17
       Leather armour    |     6 |    74 |   166 |   186 ||   432
Dodge: Dodged            |    21 |   117 |   195 |   205 ||   538
Block: Other             |       |       |       |    17 ||    17
